 Dungeon Crawl Stone Soup version 0.19.1-1-g22dce08 (webtiles) character file.

404 esteth the Ducker (level 6, 0/44 HPs)
             Began as a Merfolk Gladiator on Dec 31, 2016.
             Killed by nerve-wracking pain
             ... invoked by Grinder
              (9 damage)
             ... on level 3 of the Dungeon.
             The game lasted 00:08:46 (3698 turns).

esteth the Ducker (Merfolk Gladiator)               Turns: 3698, Time: 00:08:47

Health: 0/44       AC:  5    Str: 16    XL:     6   Next: 86%
Magic:  15/15      EV: 16    Int:  7    God:
Gold:   145        SH:  0    Dex: 16    Spells: 0 memorised, 5 levels left

rFire  + . .     SeeInvis .     a - +0 long sword
rCold  . . .     Gourm    .     b - +0 leather armour
rNeg   . . .     Faith    .     (no shield)
rPois  .         Spirit   .     w - +1 helmet
rElec  .         Reflect  .     (no cloak)
rCorr  .         Harm     .     (no gloves)
MR     .....                    (no boots)
Stlth  +.........               (no amulet)
                                v - ring of protection from fire
                                e - ring of magical power

@: no status effects
A: change form in water, swift swim, stealthy swim
a: no special abilities


You were on level 3 of the Dungeon.
You were very hungry.

You visited 1 branch of the dungeon, and saw 4 of its levels.

You collected 145 gold pieces.

Inventory:

Hand Weapons
 a - a +0 long sword (weapon)
Missiles
 d - 3 throwing nets (quivered)
Armour
 b - a +0 leather armour (worn)
 c - a +0 helmet
 w - a +1 helmet (worn)
Jewellery
 e - a ring of magical power (left hand)
 v - a ring of protection from fire (right hand)
Scrolls
 h - a scroll of remove curse
 i - a scroll of enchant weapon {unknown}
 k - 2 scrolls of fog {unknown}
 l - 2 scrolls of teleportation {unknown}
 n - 2 scrolls of enchant armour {unknown}
 o - 2 scrolls of amnesia {unknown}
 p - 5 scrolls of identify
 y - 2 scrolls of fear {unknown}
Potions
 j - a potion of might {unknown}
 m - 2 potions of heal wounds {unknown}
 q - a potion of cancellation {unknown}
 s - a potion of flight {unknown}
 x - a potion of ambrosia {unknown}
 z - a potion of degeneration {unknown}
Comestibles
 f - 4 bread rations
 g - 4 meat rations
 r - a beef jerky
 u - a slice of pizza


   Skills:
 - Level 2.1 Fighting
 - Level 6.7 Long Blades
 - Level 2.0 Throwing
 + Level 6.8 Dodging


You had 5 spell levels left.
You didn't know any spells.

Dungeon Overview and Level Annotations

Branches:
Dungeon (4/15)
 Temple: D:4-7

Altars:
Makhleb

Annotations:
D:3 Grinder


Message History

Pain shoots through your body!
You hit Grinder.
Grinder is moderately wounded.
Grinder hits you but does no damage.
You hit Grinder.
Grinder is moderately wounded.
Grinder hits you!
You writhe in agony.
There is a stone staircase leading up here.
Things that are here:
a chain mail; a dagger Grinder hits you.
* * * LOW HITPOINT WARNING * * *
You climb upwards.
There is a stone staircase leading down, spattered with blood here.
You hit Grinder but do no damage.
Grinder is moderately wounded.
Grinder says, "DUCK!"
Grinder gestures at you. Pain shoots through your body!
You die...

####
######################
...#
#........[............
##.#
#.####################
#.# #.# #...).. #.#
#.# ############.#####
#.# #.#
#@5...)..........# #.#
#.# #.##########.#.#.#
#.# #.#
#................. #.#
#.# #.##########.#.)..
#.# #.# #.# #.###..
#.#########.# #.#
#......
#...........###.##
############.
###############...#
#......# #...
.........#
#...###......# #...


You could see Grinder.

Vanquished Creatures
  A bullfrog (D:3)
  A hound (D:3)
  2 orc priests
  A centaur skeleton (D:3)
  Ijyb (D:1)
  A worker ant (D:4)
  A hound skeleton (D:4)
  A gnoll (D:1)
  6 adders
  An ooze (D:2)
  4 dart slugs
  4 orcs (D:4)
  5 giant cockroaches
  8 goblins
  13 hobgoblins
  8 jackals
  A ball python (D:2)
  9 bats
  4 frilled lizards
  7 kobolds
  2 rats
81 creatures vanquished.

Notes
Turn   | Place    | Note
-------+----------+-------------------------------------------
     0 | D:1      | esteth the Merfolk Gladiator began the quest for the Orb.
     0 | D:1      | Reached XP level 1. HP: 16/16 MP: 1/1
    66 | D:1      | Reached XP level 2. HP: 18/22 MP: 2/2
   470 | D:1      | Reached XP level 3. HP: 27/27 MP: 3/3
   892 | D:2      | Reached skill level 5 in Long Blades
   989 | D:2      | Reached XP level 4. HP: 28/33 MP: 4/4
  1101 | D:2      | Noticed Ijyb
  1126 | D:1      | Killed Ijyb
  1766 | D:3      | Noticed a bullfrog
  1787 | D:3      | Killed a bullfrog
  1787 | D:3      | Reached XP level 5. HP: 26/38 MP: 5/5
  1968 | D:3      | Reached XP level 6. HP: 37/44 MP: 6/6
  1977 | D:3      | Found a burning altar of Makhleb.
  2007 | D:3      | Reached skill level 5 in Dodging
  3486 | D:4      | Noticed Grinder
  3684 | D:4      | Paralysed by Grinder for 6 turns
  3698 | D:3      | Killed from afar by Grinder

Skill      XL: |  1  2  3  4  5  6 |
---------------+-------------------+-----
Long Blades    | 4 5 6 |  6.7
Dodging        | 6 |  6.8
Fighting       | |  2.1
Throwing       | |  2.0

Action                   |  1- 3 |  4- 6 || total
-------------------------+-------+-------++-------
Melee: Long sword        |    77 |   146 ||   223
  Use: Scroll            |     2 |       ||     2
       Potion            |       |     3 ||     3
 Stab: Sleeping          |     2 |       ||     2
       Distracted        |       |     1 ||     1
  Eat: Chunk             |       |     8 ||     8
Armor: Leather armour    |    28 |    42 ||    70
Dodge: Dodged            |    81 |   153 ||   234
       Rpst.: Long sword |    26 |    45 ||    71
